[Event "Early-Titled-Tuesday-Blitz-January-16-2024"]
[Site "Chess.com"]
[Date "2024.01.16"]
[Round "3"]
[White "Zhigalko_Sergei"]
[Black "GothamChess"]
[Result "1-0"]
[WhiteElo "2954"]
[BlackElo "2712"]
[TimeControl "180+1"]
[EndTime "8:27:28 PST"]
[Termination "Zhigalko_Sergei won by resignation"]

1. e4 e6 2. d4 d5 3. e5 c5 4.
c3 Ne7 5. Nf3 b6 6. Bd3 h6 7. O-O Nec6 8. Re1 Ba6 9. Bc2 Be7 10.
a3 g5 11. Be3 Nd7 12. b4 cxd4 13. cxd4 Rc8 14. Ba4 Bc4 15. Nc3 a6 16. Nd2 b5 17. Nxc4 dxc4 18. Bc2 Nb6 19. Be4 Bf8 20. d5 Nxd5 21. Bxd5 exd5 22. Nxd5 Bg7 23. Bc5 Qd7 24. e6 fxe6 25. Qh5+ 1-0

[Event "Early-Titled-Tuesday-Blitz-January-16-2024"]
[Site "Chess.com"]
[Date "2024.01.16"]
[Round "3"]
[White "ReinaldoR"]
[Black "starworld123"]
[Result "0-1"]
[WhiteElo "2514"]
[BlackElo "2830"]
[TimeControl "180+1"]
[EndTime "8:27:28 PST"]
[Termination "starworld123 won on time"]

1. e4 c5 2. Nf3 e6 3. c3 d5 4.
exd5 Qxd5 5. d4 Nf6 6. Be3 Nc6 7. Bd3 cxd4 8. cxd4 Bb4+ 9. Nc3 O-O 10. O-O Qa5 11. Ne4 Nd5 12. Nfg5 h6 13. Qh5 Be7 14. Nf3 Nxe3 15.
Qxa5 Nxa5 16. fxe3 b6 17. b4 Nc6 18. a3 Bb7 19. Rac1 Rac8 20. Kf2 Rfd8 0-1

[Event "Early-Titled-Tuesday-Blitz-January-16-2024"]
[Site "Chess.com"]
[Date "2024.01.16"]
[Round "3"]
[White "XDPS"]
[Black "KNVB"]
[Result "1-0"]
[WhiteElo "2905"]
[BlackElo "2681"]
[TimeControl "180+1"]
[EndTime "8:27:29 PST"]
[Termination "XDPS won by checkmate"]

1. Nf3 d5 2. b3 Bf5 3. Bb2 e6 4. g3 h6 5. Bg2 c6 6. O-O Nf6 7.
d3 Be7 8. Nbd2 O-O 9. Ne5 Re8 10. e4 Bh7 11. Qe2 a5 12. a4 Na6 13. f4 Nd7 14. Ndf3 Bf8 15. Kh1 Nb4 16. Rad1 Nxe5 17.
Nxe5 f6 18. Nf3 Kh8 19. Nd4 Qd7 20. Bh3 Qf7 21. Rfe1 dxe4 22. dxe4 e5 23. fxe5 Rxe5 24. Nf5 Ree8 25. Qf2 Rad8 26. Bg2 Bg6 27. Nxh6 gxh6 28. Rxd8 Rxd8 29. Qxf6+ Kh7 30. Qh8# 1-0

[Event "Early-Titled-Tuesday-Blitz-January-16-2024"]
[Site "Chess.com"]
[Date "2024.01.16"]
[Round "3"]
[White "KarolKacprzak"]
[Black "GHANDEEVAM2003"]
[Result "1/2-1/2"]
[WhiteElo "2745"]
[BlackElo "3004"]
[TimeControl "180+1"]
[EndTime "8:27:30 PST"]
[Termination "Game drawn by repetition"]

1. e4 c6 2. d4 d5 3. e5 Bf5 4. h4 h6 5. Nc3 e6 6. Be3 Nd7 7. g4 Bh7 8. h5 Qb6 9. Qd2 f6 10. f4 c5 11. Nf3 fxe5 12. fxe5 c4 13. Bg2 Qxb2 14. Rb1 Qa3 15. Nb5 Qxa2 16. O-O Rc8 17. Nh4 Qxc2 18. Rxf8+ Nxf8 19. Nd6+ Kd8 20. Rxb7 Qxd2 21.
Nf7+ Ke8 22. Nd6+ Kd8 23. Nf7+ Ke8 24. Nd6+ Kd8 1/2-1/2

[Event "Early-Titled-Tuesday-Blitz-January-16-2024"]
[Site "Chess.com"]
[Date "2024.01.16"]
[Round "3"]
[White "Trojan-Knight"]
[Black "viktorskliarov"]
[Result "1-0"]
[WhiteElo "2681"]
[BlackElo "2664"]
[TimeControl "180+1"]
[EndTime "8:27:30 PST"]
[Termination "Trojan-Knight won by resignation"]

1. d4 Nf6 2. c4 e6 3. Nc3 Bb4 4. e3 b6 5. Ne2 Ne4 6. Qc2 Bb7 7. a3 Bxc3+ 8. Nxc3 Nxc3 9. Qxc3 O-O 10. Bd3 d6 11. b4 Nd7 12. Bb2 a5 13. c5 axb4 14. axb4 Rxa1+ 15. Bxa1 Nf6 16. c6 Bc8 17. e4 e5 18. O-O exd4 19. Qxd4 Be6 20. Rd1 Qe7 21. h3 Ra8 22. e5 dxe5 23. Qxe5 Qxb4 24. Qxc7 Qb3 25.
Be2 Nd5 26. Qe5 Nf6 27. c7 1-0

[Event "Early-Titled-Tuesday-Blitz-January-16-2024"]
[Site "Chess.com"]
[Date "2024.01.16"]
[Round "3"]
[White "SharapovEvgeny"]
[Black "evgchess5"]
[Result "0-1"]
[WhiteElo "2537"]
[BlackElo "2969"]
[TimeControl "180+1"]
[EndTime "8:27:32 PST"]
[Termination "evgchess5 won by resignation"]

1. e4 e5 2. Nf3 Nc6 3. Nc3 Nf6 4.
Bb5 Bc5 5. O-O O-O 6. Bxc6 dxc6 7. Nxe5 Re8 8. Nd3 Bb6 9. Qf3 Bg4 10. Qg3 Bh5 11. Re1 Bg6 12. b3 Bxe4 13. Bb2 Bxd3 14.
cxd3 Bd4 15. Qf4 Qd6 16. Qxd6 cxd6 17. h3 Nh5 18. Na4 Bxb2 19. Nxb2 d5 20. g3 g6 21. d4 Ng7 22. Nd3 Nf5 23. Nc5 b6 24. Nd7 Kg7 25. Ne5 Nxd4 0-1

[Event "Early-Titled-Tuesday-Blitz-January-16-2024"]
[Site "Chess.com"]
[Date "2024.01.16"]
[Round "3"]
[White "N4700000"]
[Black "Roman_Ovetchkin"]
[Result "0-1"]
[WhiteElo "2460"]
[BlackElo "2665"]
[TimeControl "180+1"]
[EndTime "8:27:34 PST"]
[Termination "Roman_Ovetchkin won by resignation"]

1. e4 Nc6 2. Nf3 d5 3. exd5 Qxd5 4. Nc3 Qh5 5. Bb5 Bg4 6. d3 e6 7. Bf4 Bd6 8. Bxd6 cxd6 9. d4 Bxf3 10. Qxf3 Qxf3 11. gxf3 Ne7 12. O-O-O d5 13. h4 h5 14.
Ne2 g6 15. Ng3 Rc8 16. c3 Kd7 17. Kb1 Kd6 18. Rhe1 a6 19. Bf1 Na5 20. f4 b5 21.
a3 Nf5 22. Nxf5+ gxf5 23. Be2 Nc6 24. Rg1 Ne7 25. Rg7 Rcf8 26. Rdg1 Ng6 27. Rg5 Nxf4 28. Bf3 Ke7 29. Kc1 Kf6 0-1

[Event "Early-Titled-Tuesday-Blitz-January-16-2024"]
[Site "Chess.com"]
[Date "2024.01.16"]
[Round "3"]
[White "Maftuna2303"]
[Black "JaloliddinIlkhomi"]
[Result "1-0"]
[WhiteElo "2349"]
[BlackElo "2712"]
[TimeControl "180+1"]
[EndTime "8:27:34 PST"]
[Termination "Maftuna2303 won by resignation"]

1. e4 e6 2. d4 d5 3. Nd2 Nf6 4. e5 Nfd7 5. c3 c5 6. Ngf3 Nc6 7. Bd3 cxd4 8. cxd4 f6 9. exf6 Nxf6 10. O-O Bd6 11. Re1 O-O 12. Nf1 Qb6 13. Ng3 Ng4 14. Bxh7+ Kxh7 15. Ng5+ Kg8 16. Qxg4 Qxd4 17. Qe2 e5 18. Be3 Qg4 19. Qd3 Rf5 20. Qxd5+ Kh8 21. Nxf5 Bxf5 22. Nf7+ Kh7 23. Nxd6 Rd8 24. Bc5 Qg6 25. Qf3 b6 26. Qxf5 bxc5 27. Qxg6+ Kxg6 28. Ne4 Nd4 29. Rac1 Rb8 30.
b3 a5 31. Nxc5 a4 32. Nxa4 Rc8 33. Rxc8 1-0

[Event "Early-Titled-Tuesday-Blitz-January-16-2024"]
[Site "Chess.com"]
[Date "2024.01.16"]
[Round "3"]
[White "Eesha-Karavade"]
[Black "djano"]
[Result "0-1"]
[WhiteElo "2428"]
[BlackElo "2631"]
[TimeControl "180+1"]
[EndTime "8:27:36 PST"]
[Termination "djano won by resignation"]

1. d4 Nf6 2. Nf3 g6 3. Bf4 d6 4. Nc3 Bg7 5. e4 O-O 6. h3 c5 7.
d5 b5 8. Bxb5 Nxe4 9. Nxe4 Qa5+ 10. Nc3 Bxc3+ 11. bxc3 Qxb5 12. Qd3 Ba6 13. Kd2 Qa4 14.
Qe3 Nd7 15. Rhd1 Nb6 16. Ke1 Qxc2 17. Rac1 Qa4 18. Bh6 Rfe8 19. Qf4 Qxf4 20. Bxf4 Bc4 21. a3 Bxd5 22. Ke2 f6 23. Rb1 Be4 24. Rb2 Nd5 25.
Bd2 Rab8 26. Rxb8 Rxb8 27. c4 Nb6 28. Rc1 Na4 0-1

[Event "Early-Titled-Tuesday-Blitz-January-16-2024"]
[Site "Chess.com"]
[Date "2024.01.16"]
[Round "3"]
[White "maximnovik"]
[Black "talaicito"]
[Result "1-0"]
[WhiteElo "2520"]
[BlackElo "2290"]
[TimeControl "180+1"]
[EndTime "8:27:36 PST"]
[Termination "maximnovik won on time"]

1. e4 c5 2. Nf3 d6 3. d4 cxd4 4. Nxd4 Nf6 5. Nc3 g6 6. Be2 Bg7 7. O-O O-O 8. Bg5 Nc6 9. Nb3 a5 10. a4 Nb4 11. Nd4 Nc6 12. Ndb5 h6 13. Be3 Kh7 14.
f4 Bd7 15. Kh1 Nb4 16. Bf3 Bc6 17. Qe2 Nd7 18. Rad1 Qc8 19. Rd2 Nc5 20. Bxc5 dxc5 21. e5 Bxf3 22. Qxf3 Qc6 23. Qxc6 bxc6 24. Na3 f6 25.
Re1 fxe5 26. fxe5 Bxe5 27. Nc4 Bxc3 28. bxc3 Nd5 29. Kg1 Rf7 30. Re6 Raf8 31. h3 Nxc3 32. Ne5 Rf1+ 33. Kh2 Ra1 34. Rxe7+ Kg8 35. Rdd7 1-0

[Event "Early-Titled-Tuesday-Blitz-January-16-2024"]
[Site "Chess.com"]
[Date "2024.01.16"]
[Round "3"]
[White "Tiqr777"]
[Black "Arimin1329"]
[Result "1-0"]
[WhiteElo "2613"]
[BlackElo "2409"]
[TimeControl "180+1"]
[EndTime "8:27:37 PST"]
[Termination "Tiqr777 won by checkmate"]

1. d4 Nf6 2. Nf3 b6 3. Bf4 Bb7 4. e3 d6 5. h3 Nbd7 6. Nbd2 g6 7.
Be2 Bg7 8. O-O O-O 9. c3 Re8 10.
a4 e5 11. dxe5 dxe5 12. Bg3 a5 13. Qc2 Qe7 14. Bb5 c6 15. Be2 Rad8 16. e4 Nh5 17. Bh2 Bh6 18. Rfe1 Nc5 19. Nc4 f6 20. b4 axb4 21. cxb4 Ne6 22. Nxb6 Nd4 23. Nxd4 Rxd4 24. Bxh5 gxh5 25. a5 Qxb4 26. Reb1 Qd6 27. a6 Ba8 28. Nxa8 Rxa8 29. a7 Rd2 30. Qc4+ Kg7 31. Rb7+ Kg6 32. Qf7+ Kg5 33. Bg3 h4 34. Bxh4+ Kxh4 35. g3+ Kg5 36. Qxh7 Rd1+ 37. Kg2 Rxa1 38. Qf5# 1-0

[Event "Early-Titled-Tuesday-Blitz-January-16-2024"]
[Site "Chess.com"]
[Date "2024.01.16"]
[Round "3"]
[White "Byniolus"]
[Black "m_ezat"]
[Result "1-0"]
[WhiteElo "2758"]
[BlackElo "2492"]
[TimeControl "180+1"]
[EndTime "8:27:39 PST"]
[Termination "Byniolus won on time"]

1. d4 Nf6 2. Nf3 g6 3. Bf4 Bg7 4. e3 O-O 5. Be2 d6 6. h3 Nfd7 7. O-O e5 8. Bh2 Nc6 9. c4 Kh8 10. Nc3 f5 11. Rc1 g5 12. dxe5 Ndxe5 13. Nd4 g4 14.
hxg4 Nxg4 15. Bf4 Nce5 16. g3 h5 17. Kg2 b6 18. Rh1 Bb7+ 19. f3 Qe8 20. Nd5 Rc8 21.
fxg4 fxg4 22. Bxg4 Nxg4 23. Qxg4 Qe4+ 24. Qf3 Qxf3+ 25. Nxf3 c6 26. Rxh5+ Kg8 27. Ne7+ Kf7 28. Nxc8 Rxc8 29. b3 c5 30. Rd1 Rd8 31. Rxd6 Rxd6 32.
Bxd6 Kg6 33. Rg5+ Kf7 34. Kf2 1-0

[Event "Early-Titled-Tuesday-Blitz-January-16-2024"]
[Site "Chess.com"]
[Date "2024.01.16"]
[Round "3"]
[White "kritipatel"]
[Black "NewYearGirl"]
[Result "0-1"]
[WhiteElo "2154"]
[BlackElo "2412"]
[TimeControl "180+1"]
[EndTime "8:27:43 PST"]
[Termination "NewYearGirl won by resignation"]

1. e4 c5 2. c3 d5 3. exd5 Nf6 4. Bb5+ Nbd7 5. d4 cxd4 6. cxd4 Qa5+ 7. Nc3 Nxd5 8. Qb3 Nxc3 9. bxc3 e6 10. Nf3 Bd6 11.
Bxd7+ Bxd7 12. O-O Bc6 13. c4 O-O 14. Bd2 Qh5 15.
h3 Rad8 16. Rfe1 Bc7 17. Bb4 Rfe8 18. Rad1 a5 19. Ba3 a4 20. Qc3 Ba5 21. Bb4 Bxb4 22. Qxb4 Bxf3 23. gxf3 Qxf3 24. Re3 Qxd1+ 25. Kg2 Qxd4 26.
Qxb7 Qxc4 27. Rg3 Qd5+ 28. Qxd5 Rxd5 0-1

[Event "Early-Titled-Tuesday-Blitz-January-16-2024"]
[Site "Chess.com"]
[Date "2024.01.16"]
[Round "3"]
[White "TregubovP"]
[Black "MagnusCarlsen"]
[Result "0-1"]
[WhiteElo "2675"]
[BlackElo "3319"]
[TimeControl "180+1"]
[EndTime "8:27:45 PST"]
[Termination "MagnusCarlsen won by resignation"]

1. e4 a6 2. d4 e6 3. Nf3 d5 4.
exd5 exd5 5. Bd3 Bd6 6. O-O Ne7 7. Re1 Nc6 8. Nh4 O-O 9. c3 Ng6 10. Nf5 Bxf5 11. Bxf5 Qf6 12. Bc2 Rae8 13. Be3 Qh4 14. g3 Qh3 15. Qd3 f5 16. Qf1 Qxf1+ 17. Kxf1 f4 18.
Bxg6 hxg6 19. Bxf4 Rxe1+ 20. Kxe1 Bxf4 21. gxf4 Rxf4 22.
Nd2 Kf7 23. Ke2 Nd8 24. Rg1 Ne6 25. Nf3 Kf6 26. Ke3 Re4+ 27. Kd2 g5 28. Ne5 Kf5 29.
f3 Rh4 30. Ng4 Kf4 31. Ke2 Rh3 32. Nf2 Rxh2 33. Rg4+ Kf5 34. Kf1 Nf4 35. Kg1 Rh8 36. Nh1 Re8 37. Ng3+ Kf6 38. Kf1 b5 39. Nh1 Nd3 0-1

[Event "Early-Titled-Tuesday-Blitz-January-16-2024"]
[Site "Chess.com"]
[Date "2024.01.16"]
[Round "3"]
[White "DenLaz"]
[Black "IM_ArthurDW08"]
[Result "1-0"]
[WhiteElo "3090"]
[BlackElo "2789"]
[TimeControl "180+1"]
[EndTime "8:27:47 PST"]
[Termination "DenLaz won by resignation"]

1. d4 Nf6 2. c4 c5 3. d5 e6 4. Nc3 exd5 5. cxd5 d6 6. e4 g6 7. h3 Bg7 8. Bd3 O-O 9. Nf3 b5 10. O-O c4 11. Bc2 b4 12. Ne2 Re8 13. Ng3 Nbd7 14.
Re1 Nc5 15. Bf4 Bb7 16. Nd4 Qb6 17. Ndf5 gxf5 18. Nxf5 Ncxe4 19. Bxe4 Rxe4 20. Rxe4 Nxe4 21. Be3 Nxf2 22. Bxf2 Qc7 23. Qg4 f6 24. Re1 h5 25.
Qg6 1-0

[Event "Early-Titled-Tuesday-Blitz-January-16-2024"]
[Site "Chess.com"]
[Date "2024.01.16"]
[Round "3"]
[White "stepanosinovsky"]
[Black "Alenzer"]
[Result "0-1"]
[WhiteElo "2386"]
[BlackElo "2125"]
[TimeControl "180+1"]
[EndTime "8:27:48 PST"]
[Termination "Alenzer won by resignation"]

1. Nf3 d5 2. g3 c5 3. Bg2 Nc6 4. O-O Nf6 5. d3 e5 6. Nbd2 Bd6 7.
e4 O-O 8. exd5 Nxd5 9. Nc4 Bc7 10. Re1 Re8 11. a4 Bg4 12. c3 Qd7 13. Qb3 b6 14. Ncxe5 Bxe5 15. Nxe5 Nxe5 16. Rxe5 Rxe5 17. Bd2 Rae8 18.
d4 cxd4 19. cxd4 Re2 20. Be1 Rxe1+ 0-1

[Event "Early-Titled-Tuesday-Blitz-January-16-2024"]
[Site "Chess.com"]
[Date "2024.01.16"]
[Round "3"]
[White "Jumbo"]
[Black "NoHeThTo"]
[Result "0-1"]
[WhiteElo "2922"]
[BlackElo "2718"]
[TimeControl "180+1"]
[EndTime "8:27:49 PST"]
[Termination "NoHeThTo won by resignation"]

1. d4 Nf6 2. c4 g6 3. g3 Bg7 4. Bg2 O-O 5. Nf3 d6 6. O-O Nc6 7. Nc3 e5 8. dxe5 Nxe5 9. Qb3 Nfd7 10. Nxe5 Bxe5 11. Be3 c6 12. Rad1 Qc7 13. Qc2 Nc5 14.
b4 Ne6 15. Qd2 a5 16. b5 Rd8 17. bxc6 bxc6 18. f4 Bg7 19. f5 gxf5 20. Rxf5 Ba6 21.
Rdf1 Bxc4 22. Rxf7 Qxf7 23. Rxf7 Kxf7 24. Bxc6 Rac8 25. Bb7 Rc7 26. Bb6 Rxb7 27. Bxd8 Bd4+ 28. e3 Be5 29. Bh4 Nc5 30. e4 Nd3 31. Kg2 Rb2 32. Qxb2 Nxb2 33. Nd5 Bxa2 34. Kf3 Bxd5 35. exd5 a4 0-1

[Event "Early-Titled-Tuesday-Blitz-January-16-2024"]
[Site "Chess.com"]
[Date "2024.01.16"]
[Round "3"]
[White "Alexei_Kornev"]
[Black "Olya_Oblachko"]
[Result "1-0"]
[WhiteElo "2703"]
[BlackElo "2323"]
[TimeControl "180+1"]
[EndTime "8:27:49 PST"]
[Termination "Alexei_Kornev won on time"]

1. e4 e6 2. d4 d5 3. Nc3 dxe4 4. Nxe4 Nd7 5. Nf3 Ngf6 6. Bd3 Nxe4 7. Bxe4 Nf6 8. Bg5 Bd6 9. Qd3 a6 10. O-O-O h6 11. Bh4 Be7 12. Bxf6 Bxf6 13. Kb1 Qd6 14. Rhe1 O-O 15. h4 Rb8 16. g4 Qf4 17. g5 Be7 18. Rg1 Kh8 19. Ne5 Bd6 20. gxh6 Qxh6 21. f4 Qxf4 22.
Rdf1 Bxe5 23. Rxf4 Bxf4 24. Qf3 Bh6 25. Bd3 Bd7 26.
Qe4 f5 27. Qe5 Bc6 28. Rg6 Kh7 29. Rxe6 Be4 30. Bxe4 fxe4 31. Qxe4+ Kh8 32. a3 Rbd8 33. c3 Rd7 34. Qxb7 1-0

[Event "Early-Titled-Tuesday-Blitz-January-16-2024"]
[Site "Chess.com"]
[Date "2024.01.16"]
[Round "3"]
[White "deribas12345"]
[Black "I_am_Javi"]
[Result "0-1"]
[WhiteElo "2492"]
[BlackElo "2767"]
[TimeControl "180+1"]
[EndTime "8:27:50 PST"]
[Termination "I_am_Javi won by resignation"]

1. d4 Nf6 2. c4 e6 3. Nc3 Bb4 4. a3 Bxc3+ 5. bxc3 b6 6. f3 Ba6 7. e4 d5 8. e5 Nfd7 9. cxd5 Bxf1 10. Kxf1 exd5 11. Nh3 O-O 12. f4 c5 13. Ra2 Nc6 14. Ng5 h6 15. Nf3 Rc8 16. f5 cxd4 17. cxd4 Re8 18. h4 Na5 19. Rh3 Qc7 20. Bf4 Qc4+ 21. Re2 Nc5 22. Bxh6 Ne4 23. Bxg7 Kxg7 24. Ng5 Qc1 25. Re1 Qxd1 26. Rxd1 Nxg5 27. hxg5 Rh8 28. Rdd3 Rxh3 29. gxh3 Rh8 30. a4 Rh5 31. Rg3 Rh4 32.
g6 Rf4+ 33. Ke2 Rxf5 34. gxf7+ Kxf7 35. Rf3 Ke6 0-1

[Event "Early-Titled-Tuesday-Blitz-January-16-2024"]
[Site "Chess.com"]
[Date "2024.01.16"]
[Round "3"]
[White "albi1999"]
[Black "DvaHrasta"]
[Result "1-0"]
[WhiteElo "2617"]
[BlackElo "2432"]
[TimeControl "180+1"]
[EndTime "8:27:50 PST"]
[Termination "albi1999 won on time"]

1. d4 Nf6 2. Nf3 e6 3. c4 d5 4. Nc3 Be7 5. Bg5 O-O 6. e3 b6 7. cxd5 exd5 8. Bd3 Bg4 9. Qc2 h6 10. Bh4 c5 11. Ne5 Be6 12. Rd1 c4 13. Be2 a6 14.
O-O b5 15. a3 Qb6 16. Bf3 Rd8 17. e4 g5 18. Bg3 Nc6 19. Nxc6 Qxc6 20. Be5 dxe4 21.
Bxf6 exf3 22. Bxe7 fxg2 23. Rfe1 Rd7 24. d5 Bxd5 25.
Rxd5 Rxd5 26. Qe4 Rc5 27. Bxc5 1-0

[Event "Early-Titled-Tuesday-Blitz-January-16-2024"]
[Site "Chess.com"]
[Date "2024.01.16"]
[Round "3"]
[White "Mikasinski"]
[Black "Soledadense88"]
[Result "1-0"]
[WhiteElo "2610"]
[BlackElo "2408"]
[TimeControl "180+1"]
[EndTime "8:27:53 PST"]
[Termination "Mikasinski won by resignation"]

1. e4 e6 2. d4 d5 3. Nc3 dxe4 4. Nxe4 Bd7 5. Nf3 Bc6 6. Bd3 Nd7 7. O-O Ngf6 8. Ng3 Be7 9. c4 O-O 10. b3 Bxf3 11.
Qxf3 c6 12. Rd1 Qa5 13. a3 Rad8 14. Bb2 Rfe8 15. b4 Qc7 16. Rac1 Qb8 17. h4 Nf8 18. h5 h6 19. Ne4 Nxe4 20. Qxe4 Bf6 21. Bb1 Rd7 22. Rc3 Red8 23. Rf3 b5 24. Rxf6 gxf6 25.
Rd3 f5 26. Qh4 Nh7 27. Rg3+ Kf8 28. d5 cxd5 29. Bg7+ Ke8 30. Bxh6 dxc4 31. Rg8+ 1-0

[Event "Early-Titled-Tuesday-Blitz-January-16-2024"]
[Site "Chess.com"]
[Date "2024.01.16"]
[Round "3"]
[White "Millerkallpa"]
[Black "viktorgen2021"]
[Result "0-1"]
[WhiteElo "2101"]
[BlackElo "2548"]
[TimeControl "180+1"]
[EndTime "8:27:53 PST"]
[Termination "viktorgen2021 won on time"]

1. e4 g6 2. d4 Bg7 3. Nc3 d6 4. g3 Nf6 5. Bg2 O-O 6. Nge2 c6 7. O-O Nbd7 8. h3 e5 9. Re1 Qe7 10. a4 a5 11. Be3 Rd8 12. d5 c5 13. Nb5 Rf8 14.
c3 Ne8 15. b4 b6 16. Nc1 f5 17.
Nd3 Nef6 18. f3 Ne8 19. Nb2 Rb8 20. Nc4 f4 21. Bf2 fxg3 22. Bxg3 axb4 23. cxb4 cxb4 24. Bf2 Nc5 25. Bxc5 bxc5 26. Na5 Ra8 27. Nc6 Qg5 28. Kh1 Nf6 29. Qc1 Qh4 30. Kh2 Bh6 31. Qc2 Nh5 32. Nxd6 Bf4+ 33. Kg1 Qg3 34. Kf1 Qh2 0-1

[Event "Early-Titled-Tuesday-Blitz-January-16-2024"]
[Site "Chess.com"]
[Date "2024.01.16"]
[Round "3"]
[White "yonaltimur"]
[Black "Perecke"]
[Result "1-0"]
[WhiteElo "2311"]
[BlackElo "2559"]
[TimeControl "180+1"]
[EndTime "8:27:56 PST"]
[Termination "yonaltimur won by resignation"]

1. e4 c5 2. Nf3 e6 3. d4 cxd4 4.
Nxd4 Nc6 5. Nc3 Qc7 6. Qd3 Nf6 7.
Ndb5 Qb8 8. Qg3 d6 9. Be3 a6 10. Nd4 Nxd4 11. Bxd4 e5 12. Be3 Be6 13. Be2 b5 14. f3 Be7 15. O-O O-O 16. Rfd1 Rc8 17.
Bd3 Bd8 18. Qf2 Nd7 19. a3 Bb6 20. Be2 Nc5 21. Nd5 Bxd5 22. Rxd5 Na4 23. Bxb6 Nxb6 24. Rd2 Rc6 25. c3 Na4 26. Rad1 a5 27. Rd5 Nxb2 28. Rxb5 Qxb5 29. Bxb5 Nxd1 30. Qd2 Rc5 31. c4 1-0

[Event "Early-Titled-Tuesday-Blitz-January-16-2024"]
[Site "Chess.com"]
[Date "2024.01.16"]
[Round "3"]
[White "Grossboss19"]
[Black "JMCadavid1998"]
[Result "1-0"]
[WhiteElo "2549"]
[BlackElo "2181"]
[TimeControl "180+1"]
[EndTime "8:27:56 PST"]
[Termination "Grossboss19 won by resignation"]

1. c4 c5 2. Nf3 Nc6 3. d4 cxd4 4.
Nxd4 Nf6 5. Nc3 e6 6. e4 Bb4 7. f3 d5 8. cxd5 exd5 9. Bb5 O-O 10. Bxc6 bxc6 11. Nxc6 Bxc3+ 12. bxc3 Qe8 13. Nd4 dxe4 14. O-O exf3 15. Qxf3 Ba6 16. Ba3 Bxf1 17. Rxf1 Qa4 18. Bxf8 Rxf8 19. Nf5 Qe4 20. Qg3 Qg4 21. Qd6 Re8 22.
Qxf6 h5 23. Nh6+ gxh6 24. Qxf7+ 1-0

[Event "Early-Titled-Tuesday-Blitz-January-16-2024"]
[Site "Chess.com"]
[Date "2024.01.16"]
[Round "3"]
[White "Rud_Makarian"]
[Black "tjallkompall"]
[Result "1-0"]
[WhiteElo "3036"]
[BlackElo "2761"]
[TimeControl "180+1"]
[EndTime "8:27:57 PST"]
[Termination "Rud_Makarian won by resignation"]

1. d4 Nf6 2. c4 c5 3. d5 e6 4. Nc3 exd5 5. cxd5 d6 6. e4 g6 7. h3 Bg7 8. Nf3 O-O 9. Bd3 Re8 10. O-O Nbd7 11. a4 c4 12. Bc2 Nc5 13. Re1 Nfd7 14. Bf4 Qb6 15. Nb5 Ne5 16. Nxe5 Bxe5 17. Bxe5 Rxe5 18.
Qd4 a6 19. Na3 Nxa4 20. Qxc4 Nc5 21. Qd4 Bd7 22. Nc4 Qb4 23. Rad1 Re7 24. Nxd6 Qxd4 25. Rxd4 b5 26. b4 Na4 27. e5 Nb6 28. f4 f5 29.
Nb7 Nxd5 30. Bb3 Be6 31. Nc5 Nc7 32. Nxe6 Nxe6 33. Rd6 Kf7 34. Rc1 Rae8 35. Rcc6 1-0

[Event "Early-Titled-Tuesday-Blitz-January-16-2024"]
[Site "Chess.com"]
[Date "2024.01.16"]
[Round "3"]
[White "Hikaru"]
[Black "FrenchHarvey"]
[Result "1-0"]
[WhiteElo "3224"]
[BlackElo "2804"]
[TimeControl "180+1"]
[EndTime "8:27:58 PST"]
[Termination "Hikaru won by resignation"]

1. Nf3 Nf6 2. b3 d5 3. c4 c6 4.
Qc2 g6 5. Bb2 Bg7 6. g3 O-O 7.
Bg2 Bf5 8. d3 a5 9. a3 a4 10. b4 dxc4 11. Qxc4 Nbd7 12. Nbd2 Nb6 13. Qc2 Qc8 14. O-O Bh3 15. e4 Bxg2 16. Kxg2 Nbd7 17. d4 e6 18. Rad1 Qc7 19. Nb1 Qb6 20. Nc3 Qa6 21.
Ne1 Nb6 22. Nd3 Nc4 23. Nc5 Qa7 24. Bc1 b5 25. e5 Nd5 26. N3e4 Qe7 27. Rfe1 Rad8 28.
Bg5 f6 29. exf6 Nxf6 30. Rd3 Rd5 31. Nxe6 Qxe6 32. Nxf6+ Qxf6 33. Bxf6 Rxf6 34. Re8+ Kf7 35. Qe2 Bf8 36. Rc8 Re6 37. Rxf8+ 1-0

[Event "Early-Titled-Tuesday-Blitz-January-16-2024"]
[Site "Chess.com"]
[Date "2024.01.16"]
[Round "3"]
[White "vugarrasulov"]
[Black "Hamisandwich"]
[Result "1-0"]
[WhiteElo "2969"]
[BlackElo "2719"]
[TimeControl "180+1"]
[EndTime "8:27:58 PST"]
[Termination "vugarrasulov won by resignation"]

1. d4 Nf6 2. c4 b6 3. Nf3 Bb7 4.
Nc3 e6 5. a3 Be7 6. Bf4 O-O 7. e3 d5 8. Rc1 c5 9. dxc5 bxc5 10.
cxd5 exd5 11. Bd3 d4 12. exd4 cxd4 13. Nb5 Nd5 14. Bg3 Nc6 15. O-O Qb6 16. Re1 Rad8 17. Ne5 Nxe5 18. Bxe5 Bf6 19. Bg3 a6 20. Nc7 Rd7 21.
Nxd5 Rxd5 22. b4 g6 23. h3 Kg7 24. Re2 Rc8 25. Rxc8 Bxc8 26. Rc2 Bf5 27. Bxf5 Rxf5 28. Qd3 Qb5 29. Qxb5 Rxb5 30. Rc5 Rxc5 31. bxc5 Kf8 32. Kf1 d3 33. Bd6+ Ke8 34. c6 Be7 35. c7 Kd7 36. Bxe7 Kxc7 37. Ke1 1-0

[Event "Early-Titled-Tuesday-Blitz-January-16-2024"]
[Site "Chess.com"]
[Date "2024.01.16"]
[Round "3"]
[White "Real_taiatai"]
[Black "ValentinDragnev"]
[Result "0-1"]
[WhiteElo "2507"]
[BlackElo "2769"]
[TimeControl "180+1"]
[EndTime "8:27:59 PST"]
[Termination "ValentinDragnev won by checkmate"]

1. e4 c5 2. Nf3 e6 3. d4 cxd4 4.
Nxd4 Nc6 5. Nc3 Qc7 6. Be2 Nf6 7.
Be3 a6 8. Qd2 Bb4 9. f3 d5 10.
Nxc6 bxc6 11. a3 Bd6 12. g3 Rb8 13. Rb1 h5 14. Bg5 Nh7 15. Be3 h4 16. f4 Nf6 17.
e5 hxg3 18. exd6 Qxd6 19. Bf3 c5 20. hxg3 Rxh1+ 21. Bxh1 Bb7 22. Na4 d4 23. Bxb7 Rxb7 24. Bf2 Qc6 25. Qa5 Qh1+ 26. Kd2 Ne4+ 27. Ke2 Qxb1 28.
Qxa6 Qxc2+ 29. Kf3 Qxf2+ 30. Kxe4 Qe3# 0-1

[Event "Early-Titled-Tuesday-Blitz-January-16-2024"]
[Site "Chess.com"]
[Date "2024.01.16"]
[Round "3"]
[White "rasmussvane"]
[Black "chenxiaoyuer"]
[Result "1-0"]
[WhiteElo "3010"]
[BlackElo "2732"]
[TimeControl "180+1"]
[EndTime "8:28:02 PST"]
[Termination "rasmussvane won by checkmate"]

1. Nf3 Nf6 2. g3 g6 3. Bg2 Bg7 4. d4 O-O 5. O-O d6 6. Re1 Nbd7 7. e4 e5 8. Nc3 c6 9. a4 a5 10. h3 Qc7 11. Be3 Rd8 12. Qd2 exd4 13. Nxd4 Ne5 14.
b3 d5 15. f4 Ned7 16. e5 Ne8 17. Rad1 Nf8 18. Qf2 f6 19. Nf3 Qf7 20. Bb6 Nc7 21.
g4 fxe5 22. Nxe5 Bxe5 23. Rxe5 Be6 24. f5 gxf5 25. gxf5 Bc8 26. Qg3+ Kh8 27. Re7 Qxe7 28. Bd4+ Qf6 29. Bxf6# 1-0

[Event "Early-Titled-Tuesday-Blitz-January-16-2024"]
[Site "Chess.com"]
[Date "2024.01.16"]
[Round "3"]
[White "cycygogne"]
[Black "IamSchrodingersCat"]
[Result "1/2-1/2"]
[WhiteElo "2294"]
[BlackElo "2565"]
[TimeControl "180+1"]
[EndTime "8:28:02 PST"]
[Termination "Game drawn by repetition"]

1. Nf3 Nf6 2. b3 g6 3. Bb2 Bg7 4. e3 O-O 5. d4 d6 6. c4 Nbd7 7. Be2 Re8 8. O-O h5 9. h4 c6 10. Nc3 e5 11. dxe5 dxe5 12. Qc2 Nc5 13. Rad1 Qc7 14.
b4 Bf5 15. Qc1 Nce4 16. Nxe4 Nxe4 17. Bd3 Rad8 18. Bxe4 Bxe4 19. Ng5 Bf5 20. e4 Bg4 21. f3 Bc8 22. c5 Be6 23. Rxd8 Qxd8 24. Rd1 Qe7 25.
Nxe6 Qxe6 26. a4 Bf6 27. Rd6 Qe7 28. Qh6 Bxh4 29. f4 Bf6 30. f5 Bg5 31. Rxg6+ fxg6 32. Qxg6+ Kf8 33. Bxe5 Qxe5 34. Qxg5 Qxe4 35. Qf6+ Kg8 36.
Qg6+ Kh8 37. Qh6+ Kg8 38. Qg6+ Kh8 39. Qh6+ Kg8 40. Qg6+ 1/2-1/2